 Dungeon Crawl Stone Soup version 0.30-a0-371-gad7725a93e (webtiles) character file.

Game seed: 9999126988509933624

262 themarg the Conjurer (level 5, 0/38 HPs)
             Began as a Draconian Conjurer on Nov 20, 2022.
             Slain by a phantom (6 damage)
             ... on level 4 of the Dungeon.
             The game lasted 00:13:55 (4989 turns).

themarg the Conjurer (Draconian Conjurer)           Turns: 4989, Time: 00:13:56

Health: 0/38       AC:  5    Str:  9    XL:     5   Next: 97%
Magic:  8/11       EV: 12    Int: 20    God:
Gold:   208        SH:  0    Dex: 10    Spells: 9/12 levels left

rFire   . . .      SeeInvis .    t - +0 dagger (drain)
rCold   . . .      Faith    .    (no shield)
rNeg    + . .      Spirit   .    (body armour unavailable)
rPois   .          Reflect  .    (helmet restricted)
rElec   .          Harm     .    (no cloak)
rCorr   .          Rampage  .    (no gloves)
Will    .....                    (no boots)
Stlth   ++........               g - amulet of regeneration
HPRegen 1.06/turn                o - ring of positive energy
MPRegen 0.12/turn                (no ring)

@: mighty, lethally poisoned (0 -> -14)
A: AC +5, unfitting armour, cold-blooded
a: no special abilities


You were on level 4 of the Dungeon.
You visited 1 branch of the dungeon, and saw 4 of its levels.

You collected 208 gold pieces.

Inventory:

Hand Weapons
 t - a +0 dagger of draining (weapon)
 u - a +0 short sword of chaos
Missiles
 d - 61 stones
 s - 7 poisoned darts
Jewellery
 g - an amulet of regeneration (around neck)
 o - a ring of positive energy (left hand)
 r - a ring of see invisible
Wands
 p - a wand of light (9)
Scrolls
 b - 5 scrolls of teleportation {unknown}
 e - a scroll of torment {unknown}
 h - a scroll of immolation {unknown}
 k - a scroll of enchant weapon {unknown}
 l - a scroll of poison
 m - a scroll of identify {unknown}
Potions
 a - a potion of magic
 c - a potion of invisibility {unknown}
 i - 2 potions of might
 j - 2 potions of heal wounds {unknown}
 n - a potion of lignification {unknown}
 q - 2 potions of degeneration {unknown}


   Skills:
 - Level 1.7 Dodging
 - Level 3.0 Stealth
 + Level 4.1 Spellcasting
 * Level 5.5 Conjurations


You had 9 spell levels left.
You knew the following spells:

 Your Spells              Type           Power      Damage    Failure   Level
a - Magic Dart            Conj           100%       1d8       1%          1
b - Searing Ray           Conj           52%        2d6       1%          2

Your spell library contained the following spells:

 Spells                   Type           Power      Damage    Failure   Level
 Dazzling Flash           Conj/Hex       30%        N/A       12%         3
 Ensorcelled Hibernation  Hex/Ice        8%         N/A       19%         2
 Passwall                 Tmut/Erth      3%         N/A       19%         2
 Ignite Poison            Fire/Tmut/Pois 4%         N/A       36%         3
 Swiftness                Air            4%         N/A       36%         3
 Fulminant Prism          Conj/Hex       7%         3d7       38%         4
 Iskenderun's Mystic Bla  Conj/Tloc      15%        2d5       38%         4
 Sticky Flame             Conj/Fire      15%        2d4       38%         4
 Ignition                 Fire           2%         3d3       100%        8


Dungeon Overview and Level Annotations

Branches:
Dungeon (4/15)
 Temple: D:4-7

Altars:
Okawaru
Xom

Annotations:
D:3 Ijyb


Innate Abilities, Weirdness & Mutations

Your plain brown scales are hard. (AC +5)
You cannot fit into any form of body armour.
You are cold-blooded and may be slowed by cold attacks.


Message History

The orc wizard casts a spell at you. You resist with some effort.
The orc misses you. The phantom hits you.
The phantom blinks!
You blink.
You're too confused to cast spells.
The phantom closely misses you.
You hit the phantom but do no damage.
The phantom hits you but does no damage.
You bump into the rock wall.
The phantom hits you but does no damage.
You closely miss the phantom. You tail-slap the phantom.
The phantom is lightly damaged.
The phantom hits you but does no damage.
You bump into the rock wall.
The giant cockroach closely misses you.
The orc wizard mumbles some strange words.
The orc wizard flickers and vanishes!
Deactivating autopickup; reactivate with Ctrl-A.
The phantom hits you.
You are too confused!
You closely miss something.
The giant cockroach bites you but does no damage.
Something hits you. The phantom misses you.
It was a potion of might.
You feel very mighty all of a sudden.
You feel less confused. The giant cockroach closely misses you.
Something hits you but does no damage. The phantom hits you.
The air fills with toxic fumes!
As you read the scroll labelled JIKIDD LUARE, it crumbles to dust.
It was a scroll of poison.
The giant cockroach bites you but does no damage.
Something barely misses you. The phantom hits you.
The phantom blinks!
You blink.
You are engulfed in poison gas.
You are poisoned.
You feel very sick.
There is a stone staircase leading up here.
You are engulfed in poison gas.
You are more poisoned.
* * * LOW HITPOINT WARNING * * *
You feel extremely sick. The phantom hits you.
You die...

.. ... ....
##...
########§..
#§§§§§§§§#
#§§§§§§§§#
#§§§§@W§§#
#.o§§§§§§#
#§B.§§§§§..#
###§§§§§§###
########


You could see a phantom, an orc and a giant cockroach.

Vanquished Creatures
  Jessica (D:3)
  Natasha (thrice) (D:3)
  An orc wizard (D:4)
  3 adders
  3 gnolls (D:3)
  5 dart slugs
  2 orcs (D:3)
  7 ball pythons
  4 endoplasms
  5 goblins
  3 hobgoblins (D:1)
  9 jackals
  3 quokkas
  2 bats
  4 frilled lizards
  13 kobolds
  2 rats
70 creatures vanquished.

Notes
Turn   | Place    | Note
-------+----------+-------------------------------------------
     0 | D:1      | themarg the Draconian Conjurer began the quest for the Orb.
     0 | D:1      | Reached XP level 1. HP: 14/14 MP: 3/3
   515 | D:1      | Reached XP level 2. HP: 20/20 MP: 0/5
   518 | D:1      | Learned a level 2 spell: Searing Ray
  1350 | D:1      | Reached XP level 3. HP: 26/26 MP: 0/7
  1694 | D:2      | Found an iron altar of Okawaru.
  2854 | D:3      | Reached XP level 4. HP: 33/33 MP: 4/8
  3472 | D:3      | Noticed Natasha
  3479 | D:3      | Killed Natasha
  3480 | D:3      | Reached XP level 5. HP: 38/38 MP: 2/10
  3484 | D:3      | Noticed Natasha
  3502 | D:3      | Killed Natasha
  3503 | D:3      | Reached skill level 5 in Conjurations
  3597 | D:3      | Noticed Ijyb
  3658 | D:3      | Noticed Jessica
  3663 | D:3      | Killed Jessica
  3667 | D:3      | Noticed Natasha
  3704 | D:3      | Killed Natasha
  4572 | D:4      | Found a large runed translucent door.
  4573 | D:4      | Found a large runed translucent door.
  4573 | D:4      | Found a shimmering altar of Xom.
  4947 | D:4      | Noticed a lemure
  4970 | D:4      | Noticed a phantom
  4989 | D:4      | Slain by a phantom

Illustrated notes

Levels and vault maps discovered:
D:1:      scummos_arrival_forest, layout_loops_corners, minmay_misc_feat_x
D:2:      layout_basic, basic_altar
D:3:      layout_basic, hangedman_decor_slide_cut, uniq_ijyb, uniq_jessica,
          uniq_natasha
D:4:      due_chaos_kobolds, layout_basic, tso_altar, temple_fountains,
          uniq_pikel

Skill      XL: |  1  2  3  4  5 |
---------------+----------------+-----
Stealth        | 2 3 |  3.0
Spellcasting   | 3 4 |  4.1
Conjurations   | 5 |  5.5
Dodging        | |  1.7

Action                   |  1- 3 |  4- 6 || total
-------------------------+-------+-------++-------
Melee: Unarmed           |     4 |       ||     4
       Short sword       |     3 |       ||     3
       Dagger            |       |     3 ||     3
       Tailslap          |       |     1 ||     1
 Cast: Magic Dart        |    68 |    14 ||    82
       Searing Ray       |    20 |    19 ||    39
  Use: Scroll            |       |     1 ||     1
       Potion            |       |     1 ||     1
Armor: Skin              |    19 |     7 ||    26
Dodge: Dodged            |    16 |    16 ||    32

Table legend: (Time is in decaauts)
 A = Elapsed time spent in this place.
 B = Non-inter-level travel time spent in this place.
 C = Inter-level travel time spent in this place.
 D = Time resting spent in this place.
 E = Time spent auto-exploring this place.
 F = Levels seen in this place.
 G = Mean time per level.
                   A        B        C        D        E       F      G
               +--------+--------+--------+--------+--------+-----+--------+
         Total |   4988 |   4826 |    162 |    770 |   3447 |   4 | 1247.0 |
       Dungeon |   4988 |   4826 |    162 |    770 |   3447 |   4 | 1247.0 |
               +--------+--------+--------+--------+--------+-----+--------+

Top non-repeatable levels by time:
     D:3: 1761 daAuts
     D:1: 1645 daAuts
     D:2: 1070 daAuts
     D:4: 511 daAuts
